cohdb
Replays
Latest Replays
All Replays
Popular Replays
Top Player Replays
Match Explorer
How It Works
Community
CoH3 Stats
Reddit
Sign in to upload your games and track your stats! →
Sign in with Steam
Match 42588749
Unlisted
Match 42588749
Overview
Messages
Build Orders
End
Kettenkrad Recon Vehicle
Construct Infanterie Kompanie
Selects Terror Battlegroup
Selects Machine Gun Camouflage
MG 42 Machine Gun Team
Grenadier Squad
Construct Luftwaffe Kompanie
221 Scout Car
Luftwaffe Officer Quarters
Jäger Squad
Jäger Squad
Selects Interrogate
Jäger Squad
Construct Panzer Kompanie
Selects Jericho Trumpet
Panzer Officer Quarters
Stoßtruppen Squad
Sturmpanzer IV Brummbär
Jäger Squad
Jericho Trumpet
Side Skirts
Selects V1 Rocket Strike
V1 Rocket Strike
Panzer IV Medium Tank
Medical Bunker
jabiseu62
Symboli
SCS
HiddenJoker
FloppyBob
Admiral Ding Dong
[82AD] PaulVmax
Computer - Hard
0
0
Comments
sign in to comment!
No comments posted yet!